 Dungeon Crawl Stone Soup version 0.27-a0-1565-gad902ab807 (webtiles) character file.

Game seed: 12771254743887861472

29755 ipx the Nimble (level 13, -10/68 HPs)
             Began as a Deep Elf Earth Elementalist on July 15, 2021.
             Was a High Priest of Vehumet.
             Mangled by a catoblepas (17 damage)
             ... in a Gauntlet on July 16, 2021.
             The game lasted 02:03:25 (5920 turns).

ipx the Nimble (Deep Elf Earth Elementalist)        Turns: 5920, Time: 02:03:26

Health: -10/68     AC: 11    Str:  5    XL:     13   Next: 16%
Magic:  14/31      EV: 18    Int: 26    God:    Vehumet [*****.]
Gold:   496        SH:  0    Dex: 15    Spells: 6/36 levels left

rFire    . . .     SeeInvis .   a - staff of conjuration
rCold    + . .     Faith    .   (no shield)
rNeg     . . .     Spirit   .   D - +0 troll leather armour
rPois    .         Reflect  .   G - +1 hat
rElec    .         Harm     .   (no cloak)
rCorr    .         Rampage  .   (no gloves)
Will     +....     NoTele   +   N - +1 pair of boots
Stlth    ++........             (no amulet)
HPRegen  1.21/turn              o - +4 ring of protection
MPRegen  0.22/turn              c - ring of protection from cold

@: no status effects
A: no striking features
a: Renounce Religion


You were in a Gauntlet.
You worshipped Vehumet.
Vehumet was extremely pleased with you.
You visited 3 branches of the dungeon, and saw 16 of its levels.
You also visited: Ossuary, Bailey, Gauntlet and Ice Cave.

You collected 604 gold pieces.
You spent 108 gold pieces at shops.

Inventory:

Hand Weapons
 b - a +2 dagger of freezing
 q - the +8 mace "Igioth" {freeze, *Slow rPois rN+ Stlth+}
   (You found it on level 2 of the Lair of Beasts)

   It freezes those it strikes, dealing additional cold damage.
   It can also slow down cold-blooded creatures.
   rPois:     It protects you from poison.
   rN:        It protects you from negative energy.
   *Slow:     It may slow you when you take damage.
   Stlth:     It makes you more stealthy.
Missiles
 w - 101 stones
 Q - a curare-tipped dart
Armour
 D - a +0 troll leather armour (worn)
 G - a +1 hat (worn)
 I - +0 acid dragon scales
 N - a +1 pair of boots (worn)
 O - the +0 helmet "Sojuupn" {rElec rN+ rCorr Int-4}
   (You found it in an ice cave)

   Int:       It affects your intelligence (-4).
   rElec:     It insulates you from electricity.
   rN:        It protects you from negative energy.
   rCorr:     It protects you from acid and corrosion.
 P - +0 swamp dragon scales
Magical Staves
 a - a staff of conjuration (weapon)
 L - a staff of cold
Jewellery
 c - a ring of protection from cold (right hand)
 f - the ring "Kimupn" {rF++ Will+ Str-3 Int+4 Stlth+}
   (You found it in an ice cave)

   [ring of willpower]

   Str:       It affects your strength (-3).
   Int:       It affects your intelligence (+4).
   rF:        It greatly protects you from fire.
   Will:      It increases your willpower.
   Stlth:     It makes you more stealthy.
 l - a ring of flight
 o - a +4 ring of protection (left hand)
 p - a +4 ring of protection
 A - an amulet of faith
Wands
 B - a wand of iceblast (7)
 C - a wand of charming (11)
 F - a wand of acid (6)
 H - a wand of digging (4)
 M - a wand of polymorph (9)
Scrolls
 d - a scroll of summoning {unknown}
 g - 2 scrolls of holy word
 h - 3 scrolls of teleportation
 j - 2 scrolls of fog
 m - 3 scrolls of fear
 r - 2 scrolls of torment
 s - 2 scrolls of enchant weapon {unknown}
 u - a scroll of vulnerability {unknown}
 v - 2 scrolls of noise {unknown}
 y - a scroll of amnesia {unknown}
 E - a scroll of immolation {unknown}
Potions
 e - 3 potions of ambrosia
 i - 3 potions of curing
 k - 4 potions of attraction
 n - 2 potions of haste
 t - 3 potions of might
 x - 4 potions of flight
 z - a potion of magic {unknown}
 K - a potion of mutation {unknown}
 W - 2 potions of cancellation


   Skills:
 - Level 3.0 Fighting
 + Level 4.5 Staves
 - Level 14.2 Dodging
 - Level 2.4 Stealth
 + Level 12.4 Spellcasting
 - Level 10.0 Conjurations
 - Level 2.0 Transmutations
 - Level 4.6 Ice Magic
 - Level 4.3 Air Magic
 - Level 10.0 Earth Magic
 - Level 4.0 Poison Magic
 + Level 6.1 Evocations


You had 6 spell levels left.
You knew the following spells:

 Your Spells              Type           Power      Damage    Failure   Level
c - Freezing Cloud        Conj/Ice/Air   32%        6-21      3%          5
l - Lee's Rapid Deconstr  Erth           31%        3d17*     1%          5
o - Olgreb's Toxic Radia  Pois           36%        N/A       3%          4
r - Stone Arrow           Conj/Erth      100%       3d13      1%          3
t - Petrify               Tmut/Erth      47%        N/A       4%          4
v - Poisonous Vapours     Pois/Air       74%        N/A       1%          2
w - Passwall              Tmut/Erth      39%        N/A       1%          2
x - Foxfire               Conj/Fire      100%       2x1d9     1%          1
z - Sandblast             Erth           100%       2d20      1%          1
I - Ignite Poison         Fire/Tmut/Pois 26%        N/A       2%          3

Your spell library contained the following spells:

 Spells                   Type           Power      Damage    Failure   Level
 Lightning Bolt           Conj/Air       34%        1d51      2%          5
 Conjure Flame            Conj/Fire      58%        6-21      1%          3
 Dazzling Flash           Conj/Hex       100%       N/A       1%          3
 Mephitic Cloud           Conj/Pois/Air  64%        N/A       1%          3
 Sticky Flame             Conj/Fire      58%        2d7       2%          4
 Inner Flame              Hex/Fire       16%        N/A       5%          3
 Animate Skeleton         Necr           32%        N/A       6%          1
 Corona                   Hex            17%        N/A       6%          1
 Pain                     Necr           64%        1d7       6%          1
 Slow                     Hex            16%        N/A       9%          2
 Confusing Touch          Hex            16%        N/A       19%         3
 Portal Projectile        Hex/Tloc       32%        N/A       19%         3
 Vampiric Draining        Necr           8%         2d7       19%         3
 Summon Lightning Spire   Summ/Air       27%        N/A       24%         4
 Cause Fear               Hex            8%         N/A       52%         4
 Eringya's Noxious Bog    Tmut/Pois      15%        N/A       54%         6
 Blade Hands              Tmut           13%        N/A       58%         5
 Excruciating Wounds      Necr           8%         N/A       86%         5
 Storm Form               Tmut/Air       16%        N/A       100%        7
 Discord                  Hex            8%         N/A       100%        8
 Maxwell's Capacitive Co  Air            19%        ∞         100%        8


Dungeon Overview and Level Annotations

Branches:
Dungeon (13/15)            Temple (1/1) D:5            Lair (2/6) D:9
Ossuary (visited)          Bailey (visited)           IceCv (visited)
Gauntlet (1/1)
  Swamp: Lair:2-4    Shoals: Lair:2-4     Snake: Lair:2-4    Spider: Lair:2-4
    Orc: D:9-12      Vaults: D:13-14

Altars:
Hepliaklqana
Ru
Sif Muna
Vehumet
Xom

Shops:
D:3 ?   D:4 !

Annotations:
D:3 exclusion: downstairs
D:4 2 transporters, Leszczynek's ghost, amateur HuGl
D:12 3 runed translucent doors, Xotacaen's ghost, journeyman DjIE
D:13 exclusion: upstairs Gauntlet 1 transporter


Message History

Unknown command.
Okay, then.
Unknown command.
Unknown command.
Aiming: Corrosive Bolt
Press: ? - help, Shift-Dir - straight line, f - catoblepas
Aim: a catoblepas (lightly wounded, 100% to hit)
The bolt of acid hits the catoblepas!!
The catoblepas is splashed with acid.
The acid corrodes the catoblepas!
The catoblepas is heavily wounded.
Aiming: Corrosive Bolt
Press: ? - help, Shift-Dir - straight line, f - molten gargoyle, p - catoblepas
Aim: a molten gargoyle, wielding a +0 dire flail (severely damaged, 84% to hit)
The bolt of acid hits the catoblepas!
The catoblepas is splashed with acid.
The catoblepas seems to be corroded for longer.
The catoblepas is severely wounded.
The bolt of acid hits the molten gargoyle!
The molten gargoyle is splashed with acid.
The acid corrodes the molten gargoyle!
You destroy the molten gargoyle!
Vehumet accepts your kill.
You feel your power returning.
The molten gargoyle is no longer covered in acid.
The molten gargoyle blasts magma at you!
The bolt of magma hits you!!
The catoblepas breathes a plume of calcifying dust at you.
The blast of calcifying dust hits you.
The molten gargoyle blasts magma at you!
The bolt of magma hits you!!
* * * LOW HITPOINT WARNING * * *
Okay, then.
Unknown command.
Press: ? - help, v - describe, . - travel
Here: a catoblepas (calcifying dust, severely wounded, covered in acid)
The floor, spattered with blood.
As you read the scroll of fear, it crumbles to dust.
You assume a fearsome visage.
The molten gargoyle is unaffected.
The catoblepas resists with almost no effort.
The catoblepas gores you!
You die...

###########
######§#§#≈#≈#≈#≈##
#≈#≈#..§§§........#
........∩..8..∩....
....8......©......8
......###########..
###...#.Y.......#..
.D#...#@#...).#.#..
..#...#.##.).## #..
#.#...#9.##.##..#..
#w#.8.#...§©....#.8
#.#...#..#####..#..
#.#...#.##...# .#..
[.#...#.#.....# #..
###...#..!.©$[.. ..
#.....########### .


You could see a catoblepas (corroded), a five-headed hydra, a torpor snail and a
molten gargoyle.

Vanquished Creatures
  An azure jelly (IceCv)
  A quicksilver ooze (IceCv)
  A boulder beetle (D:10)
  A hydra (D:9)
  A two-headed ogre (D:10)
  3 centaur warriors
  A lindwurm (Lair:2)
  2 orc knights (Bailey)
  An orc sorcerer (Bailey)
  A cyclops (D:12)
  A manticore (D:12)
  A molten gargoyle (Gauntlet)
  An ice statue (IceCv)
  3 gargoyles
  Maggie (Lair:1)
  2 cane toads (Lair:2)
  Psyche (D:12)
  2 kobold demonologists
  2 rime drakes (Lair:2)
  A troll (D:10)
  A polar bear (Lair:2)
  An entropy weaver simulacrum (IceCv)
  Grinder (D:5)
  22 slime creatures
  A vampire (D:11)
  A spriggan (D:11)
  2 wraiths (D:11)
  2 wyverns (D:9)
  5 yaks (D:8)
  A basilisk (Lair:1)
  4 vampire mosquitoes (D:10)
  4 demonic crawler simulacra (IceCv)
  2 acid dragons
  3 water moccasins
  9 orc warriors (Bailey)
  A sky beast (D:8)
  An ice beast (D:8)
  A black bear (D:6)
  An ogre (D:5)
  2 necrophages (D:4)
  11 centaurs
  2 phantoms (D:4)
  3 kobold brigands
  4 bullfrogs
  A wyvern zombie (D:7)
  A gnoll sergeant (D:8)
  2 scorpions
  A glowing shapeshifter simulacrum (IceCv)
  4 water moccasin zombies (Ossuary)
  A wyvern skeleton (D:7)
  A water moccasin skeleton (D:6)
  2 howler monkeys
  3 electric eels
  A hound (D:4)
  2 orc priests
  2 iguanas
  3 orc wizards
  A killer bee zombie (D:6)
  2 mummies (Ossuary)
  4 adders
  7 gnolls
  2 shadow imps (D:6)
  A white imp (D:7)
  2 adder skeletons
  3 adder zombies (Ossuary)
  A dart slug (D:3)
  11 orcs
  2 ball pythons (D:2)
  4 bats
  4 endoplasms
  3 giant cockroaches
  4 gnoll zombies (Ossuary)
  12 hobgoblins
  2 jackals (D:2)
  4 quokkas
  12 goblins
  2 goblin zombies (D:12)
  7 hobgoblin zombies
  17 kobolds
  4 kobold zombies (Ossuary)
  6 orc zombies
  3 rats
257 creatures vanquished.

Vanquished Creatures (others)
  An entropy weaver simulacrum (IceCv)
  2 demonic crawler simulacra (IceCv)
  2 ugly thing simulacra (IceCv)
  2 glowing shapeshifter simulacra (IceCv)
  331 foxfires
  3 fungi
  A plant (Lair:2)
  A withered plant (Gauntlet)
343 creatures vanquished.

Grand Total: 600 creatures vanquished

Notes
Turn   | Place    | Note
-------+----------+-------------------------------------------
     0 | D:1      | ipx the Deep Elf Earth Elementalist began the quest for the
                  | Orb.
     0 | D:1      | Reached XP level 1. HP: 10/10 MP: 6/6
   118 | D:1      | Found a faded altar of an unknown god.
   176 | D:1      | Reached XP level 2. HP: 15/15 MP: 8/8
   179 | D:1      | Learned a level 2 spell: Passwall
   408 | D:2      | Reached XP level 3. HP: 19/19 MP: 7/10
   412 | D:2      | Learned a level 3 spell: Stone Arrow
   677 | D:3      | Found Buqid's Magic Scroll Shoppe.
   688 | D:3      | Bought a scroll of teleportation for 42 gold pieces
   688 | D:3      | Bought a scroll of identify for 28 gold pieces
   688 | D:3      | Bought a scroll of identify for 28 gold pieces
   706 | D:4      | Found Hitrot's Distillery.
   709 | D:4      | Noticed a necrophage
   714 | D:4      | Killed a necrophage
   715 | D:4      | Reached skill level 5 in Spellcasting
   715 | D:4      | Reached XP level 4. HP: 18/24 MP: 5/13
   717 | D:4      | Bought a potion of degeneration for 10 gold pieces
   724 | D:4      | Noticed a phantom
   727 | D:4      | Noticed a phantom
   781 | D:4      | Noticed a necrophage
   786 | D:4      | Killed a necrophage
   787 | D:4      | Reached skill level 5 in Earth Magic
   787 | D:4      | Reached XP level 5. HP: 28/28 MP: 10/14
   819 | D:4      | Killed a phantom
   820 | D:4      | Reached XP level 6. HP: 32/32 MP: 6/16
   832 | D:4      | Noticed Leszczynek's ghost (amateur HuGl)
   833 | D:4      | Found a transporter.
   837 | D:4      | Found a transporter.
   837 | D:4      | Identified the +4 dire flail "Janodd" {vorpal, Int-3 Dex+7}
   975 | D:5      | Entered Level 5 of the Dungeon
  1076 | D:5      | Found a staircase to the Ecumenical Temple.
  1085 | Temple   | Entered the Ecumenical Temple
  1090 | Temple   | Became a worshipper of Vehumet
  1128 | D:5      | Noticed Grinder
  1136 | D:5      | Killed Grinder
  1137 | D:5      | Reached XP level 7. HP: 35/36 MP: 9/18
  1252 | D:5      | Found a sand-covered staircase.
  1262 | Ossuary  | Entered an ossuary
  1265 | Ossuary  | Learned a level 1 spell: Foxfire
  1338 | Ossuary  | Reached skill level 5 in Conjurations
  1370 | Ossuary  | Reached * piety under Vehumet
  1370 | Ossuary  | Offered knowledge of Magic Dart by Vehumet.
  1513 | Ossuary  | Reached XP level 8. HP: 39/41 MP: 2/21
  1747 | D:6      | Found a sacrificial altar of Ru.
  1780 | D:6      | Reached skill level 3 in Dodging
  1782 | D:6      | Identified the +2 ring mail "Amilac" {-Tele Rampage rF++
                  | rC+}
  1983 | D:7      | Offered knowledge of Static Discharge by Vehumet.
  1985 | D:7      | Reached ** piety under Vehumet
  1986 | D:7      | Reached skill level 4 in Dodging
  2003 | D:7      | Learned a level 5 spell: Freezing Cloud
  2014 | D:7      | Reached skill level 5 in Dodging
  2068 | D:8      | Learned a level 4 spell: Petrify
  2239 | D:8      | Found a flagged portal.
  2252 | Bailey   | Entered a bailey
  2299 | Bailey   | Found an iron altar of Okawaru.
  2299 | Bailey   | Noticed a kobold demonologist
  2299 | Bailey   | Noticed an orc sorcerer
  2315 | Bailey   | Noticed a soul eater
  2324 | Bailey   | Killed a kobold demonologist
  2325 | Bailey   | Reached skill level 6 in Dodging
  2325 | Bailey   | Reached XP level 9. HP: 36/45 MP: 0/23
  2406 | Bailey   | Noticed a red devil
  2407 | Bailey   | Killed an orc sorcerer
  2408 | Bailey   | Reached skill level 7 in Dodging
  2422 | Bailey   | Offered knowledge of Ignite Poison by Vehumet.
  2427 | Bailey   | Learned a level 3 spell: Ignite Poison
  2430 | Bailey   | Learned a level 2 spell: Poisonous Vapours
  2494 | Bailey   | Reached *** piety under Vehumet
  2520 | Bailey   | Noticed an orc knight
  2550 | Bailey   | Killed an orc knight
  2551 | Bailey   | Reached skill level 1 in Air Magic
  2650 | Bailey   | Reached skill level 8 in Dodging
  2654 | Bailey   | Reached skill level 10 in Earth Magic
  2752 | Bailey   | Reached skill level 9 in Dodging
  2817 | Bailey   | Reached XP level 10. HP: 33/50 MP: 5/24
  2906 | Bailey   | Acquired a staff of conjuration
  2927 | Bailey   | Noticed an orc knight
  2945 | Bailey   | Killed an orc knight
  2946 | Bailey   | Reached skill level 10 in Dodging
  3020 | Bailey   | Reached skill level 11 in Dodging
  3020 | Bailey   | Reached XP level 11. HP: 43/60 MP: 18/25
  3053 | D:8      | Offered knowledge of Hailstorm by Vehumet.
  3431 | D:9      | Found a shimmering altar of Xom.
  3439 | D:9      | Noticed a centaur warrior
  3452 | D:9      | Killed a centaur warrior
  3538 | D:9      | Got the Grimoire of Venom and Enchantment
  3544 | D:9      | Learned a level 4 spell: Olgreb's Toxic Radiance
  3714 | D:9      | Reached skill level 12 in Dodging
  3720 | D:9      | Noticed a centaur warrior
  3720 | D:9      | Noticed a five-headed hydra
  3727 | D:9      | Killed a five-headed hydra
  3728 | D:9      | Reached skill level 1 in Poison Magic
  3728 | D:9      | Killed a centaur warrior
  3792 | D:9      | Reached **** piety under Vehumet
  3793 | D:9      | Reached skill level 10 in Conjurations
  3838 | D:10     | Entered Level 10 of the Dungeon
  3839 | D:10     | Noticed a two-headed ogre
  3979 | D:10     | Killed a two-headed ogre
  3979 | D:10     | Offered knowledge of Lee's Rapid Deconstruction by Vehumet.
  4061 | D:10     | Noticed a boulder beetle
  4102 | D:10     | You fall into a shaft and drop 3 floors!
  4129 | D:13     | Reached skill level 1 in Evocations
  4218 | D:12     | Noticed Xotacaen's ghost (journeyman DjIE)
  4218 | D:12     | Noticed Psyche
  4218 | D:12     | Found a runed translucent gate.
  4218 | D:12     | Found a runed translucent gate.
  4262 | D:12     | Killed Psyche
  4275 | D:12     | Found a runed translucent gate.
  4290 | D:12     | Reached XP level 12. HP: 28/64 MP: 6/27
  4308 | D:12     | Learned a level 5 spell: Lee's Rapid Deconstruction
  4312 | D:12     | Noticed a boulder beetle
  4415 | D:12     | Noticed a two-headed ogre
  4422 | D:11     | Reached skill level 10 in Spellcasting
  4503 | D:10     | Found a shimmering blue altar of Sif Muna.
  4644 | D:11     | Noticed a centaur warrior
  4658 | D:11     | Killed a centaur warrior
  4659 | D:11     | Reached skill level 1 in Staves
  4659 | D:11     | Reached skill level 13 in Dodging
  5132 | D:10     | Killed a boulder beetle
  5245 | D:9      | Found a staircase to the Lair.
  5261 | Lair:1   | Entered Level 1 of the Lair of Beasts
  5261 | Lair:1   | Found a frozen archway.
  5265 | Lair:1   | Noticed Maggie
  5268 | IceCv    | Entered an ice cave
  5297 | IceCv    | Reached ***** piety under Vehumet
  5313 | IceCv    | Offered knowledge of Lightning Bolt by Vehumet.
  5366 | IceCv    | Identified the ring "Kimupn" {rF++ Will+ Str-3 Int+4
                  | Stlth+}
  5384 | IceCv    | Reached skill level 5 in Evocations
  5542 | IceCv    | Found a viscous altar of Jiyva.
  5542 | IceCv    | Noticed an azure jelly
  5544 | IceCv    | Noticed a quicksilver ooze
  5552 | IceCv    | Killed a quicksilver ooze
  5552 | IceCv    | Killed an azure jelly
  5573 | IceCv    | Identified the +0 helmet "Sojuupn" {rElec rN+ rCorr Int-4}
  5634 | Lair:1   | Killed Maggie
  5635 | Lair:1   | Reached skill level 14 in Dodging
  5635 | Lair:1   | Reached XP level 13. HP: 61/68 MP: 8/30
  5710 | Lair:2   | Found a hazy altar of Hepliaklqana.
  5751 | Lair:2   | Identified the +8 mace "Igioth" {freeze, *Slow rPois rN+
                  | Stlth+}
  5886 | Lair:2   | Found a gate leading to a gauntlet.
  5892 | Lair:2   | Upgraded the game from 0.27-a0-1557-g57f10a385c to
                  | 0.27-a0-1565-gad902ab807
  5894 | Gauntlet | Entered a Gauntlet
  5894 | Gauntlet | Found a transporter.
  5898 | Gauntlet | Found a transporter.
  5920 | Gauntlet | Mangled by a catoblepas

Illustrated notes

Levels and vault maps discovered:
D:1:      saegor_arrival_simple_e, layout_basic,
          ebering_ecumenical_altar_sacrificial, minmay_unequal
D:2:      layout_basic, uniq_jessica
D:3:      layout_basic, nicolae_tso_carved_into_rock, serial_shops, shop
D:4:      gammafunk_steamed_eel, layout_basic, serial_shops, shop,
          gammafunk_ghost_smash, hex_intersection, grunt_ministairs_3,
          hangedman_abyss_or_decor_stabs
D:5:      layout_basic, minmay_temple_entry_poolview,
          nicolae_ossuary_entry_ruins, minmay_misc_feat_cross,
          minmay_misc_feat_encased, kennysheep_cross_bottleneck, uniq_grinder
D:6:      layout_basic, nicolae_ru_path_of_blood
D:7:      layout_gridville, tgw_trog, serial_shops, shop, kennysheep_little_box,
          shop, nicolae_shop_crystal, minmay_ruined_shrine, uniq_duvessa
D:8:      layout_layer_cave, enter_bailey_6, water_boxes_lemuel
D:9:      minmay_bloctagon_deflated, layout_long_grid,
          lemuel_zombie_altar_yredelemnul, old_standard_altar, dpeg_oklobed_lair
D:10:     layout_rooms, general_overflow_altar
D:11:     layout_loops_ring, the_hattery
D:12:     layout_rooms, zombieorc2_lemuel, gammafunk_ghost_nasty_kobolds,
          worms_lemuel, uniq_psyche
D:13:     layout_stronghold, grunt_vaults_entry_fortified,
          minmay_misc_feat_rows, uniq_frances
Temple:   nicolae_temple_elliptical
Lair:1:   layout_long_grid, portal_ice_cave_entry_pillars_1,
          minmay_lair_oklob_items, st_stairs_4, grunt_megastairs_1, uniq_maggie,
          uniq_grum
Lair:2:   layout_cave_pods, basic_altar, gauntlet_entry_generic
Gauntlet: minmay_gauntlet_mixed_oops_all_seconds [minmay_gauntlet_arena_77_box,
          gammafunk_gauntlet_arena_split_x, minmay_gauntlet_arena_77_run_for_it,
          gammafunk_gauntlet_arena_mazey, minmay_gauntlet_arena_77_checkered,
          gammafunk_gauntlet_arena_open, gauntlet_exit_spiral]

Skill      XL: |  1  2  3  4  5  6  7  8  9 10 11 12 13 |
---------------+----------------------------------------+-----
Earth Magic    | 4 5 6 8 10 | 10.0
Spellcasting   | 4 5 6 7 8 9 11 12 | 12.4
Conjurations   | 2 3 4 5 6 8 10 | 10.0
Dodging        | 6 9 11 12 14 | 14.2
Transmutations | 2 |  2.0
Ice Magic      | 2 4 |  4.6
Air Magic      | 2 4 |  4.3
Fighting       | 3 |  3.0
Poison Magic   | 4 |  4.0
Evocations     | 3 6 |  6.1
Staves         | 4 |  4.5
Stealth        | |  2.4

Action                   |  1- 3 |  4- 6 |  7- 9 | 10-12 | 13-15 || total
-------------------------+-------+-------+-------+-------+-------++-------
Melee: Dagger            |       |       |     3 |     5 |       ||     8
       Staff             |       |       |       |     2 |    17 ||    19
 Fire: Hand crossbow     |    29 |    15 |    12 |       |       ||    56
 Cast: Sandblast         |    28 |    14 |    55 |    38 |     9 ||   144
       Stone Arrow       |       |     7 |    31 |    51 |     1 ||    90
       Passwall          |       |     1 |     1 |    11 |       ||    13
       Foxfire           |       |       |   143 |    41 |     5 ||   189
       Freezing Cloud    |       |       |     7 |    44 |     4 ||    55
       Poisonous Vapours |       |       |     7 |     6 |     1 ||    14
       Ignite Poison     |       |       |       |     3 |       ||     3
       Lee's Rapid Decon |       |       |       |    19 |     7 ||    26
       Petrify           |       |       |       |     1 |       ||     1
Evoke: Wand              |       |       |       |    10 |     5 ||    15
  Use: Scroll            |     2 |     2 |     2 |     9 |     2 ||    17
       Potion            |       |       |       |     4 |       ||     4
Armor: Robe              |     1 |       |    10 |     7 |       ||    18
       Troll leather arm |       |       |       |    15 |     3 ||    18
Dodge: Dodged            |     5 |     1 |    27 |    49 |    13 ||    95

Table legend: (Time is in decaauts)
 A = Elapsed time spent in this place.
 B = Non-inter-level travel time spent in this place.
 C = Inter-level travel time spent in this place.
 D = Time resting spent in this place.
 E = Time spent auto-exploring this place.
 F = Levels seen in this place.
 G = Mean time per level.
                   A        B        C        D        E       F      G
               +--------+--------+--------+--------+--------+-----+--------+
         Total |   6186 |   6066 |    120 |      0 |      0 |  20 |  309.3 |
       Dungeon |   4194 |   4074 |    120 |      0 |      0 |  13 |  322.6 |
        Temple |     10 |     10 |      0 |      0 |      0 |   1 |   10.0 |
          Lair |    268 |    268 |      0 |      0 |      0 |   2 |  134.0 |
       Ossuary |    428 |    428 |      0 |      0 |      0 |   1 |  428.0 |
        Bailey |    874 |    874 |      0 |      0 |      0 |   1 |  874.0 |
      Ice Cave |    384 |    384 |      0 |      0 |      0 |   1 |  384.0 |
      Gauntlet |     25 |     25 |      0 |      0 |      0 |   1 |   25.0 |
               +--------+--------+--------+--------+--------+-----+--------+

Top non-repeatable levels by time:
  Bailey: 874 daAuts
     D:8: 635 daAuts
    D:11: 578 daAuts
     D:9: 547 daAuts
 Ossuary: 428 daAuts
    D:10: 411 daAuts
   IceCv: 384 daAuts
     D:5: 344 daAuts
     D:1: 302 daAuts
     D:4: 289 daAuts
     D:6: 265 daAuts
     D:2: 249 daAuts
  Lair:2: 190 daAuts
    D:13: 185 daAuts
     D:3: 168 daAuts
